cohdb
Replays
Latest Replays
All Replays
Popular Replays
Top Player Replays
Match Explorer
How It Works
Community
CoH3 Stats
Reddit
Sign in to upload your games and track your stats! →
Sign in with Steam
Match 43487846
Unlisted
Match 43487846
Overview
Messages
Build Orders
End
Scout Squad
Selects Special Operations Battlegroup
Selects M29 Weasel Recon Vehicle
M29 Weasel Recon Vehicle
Engineer Squad
Engineer Squad
Construct Weapon Support Center
M1919 Machine Gun Team
Infantry Support Center
Bazooka Squad
M1919 Machine Gun Team
Construct Motor Pool
Selects Mark Vehicle
M8 Greyhound Armored Car
Construct Medical Station
Selects Raiding Flares
Demolitions Package
M1 Anti-tank Gun Team
Selects SSF Commando Squad
Sniper
Selects SSF Commando Squad
M1919 Machine Gun Team
M1919 Machine Gun Team
Selects Assault Operation
Bazooka Squad
M24 Chaffee Light Tank
M8 Greyhound Armored Car
Mark Vehicle
M24 Chaffee Light Tank
Scout Squad
Selects M4A1 Sherman Whizbang
SSF Commando Squad
M1 Anti-tank Gun Team
robwarrior
(CB7) (DU)(7-4-7)(B0iz)
0
0
Comments
sign in to comment!
No comments posted yet!